 Dungeon Crawl Stone Soup version 0.31.0-32-g396128a36d (webtiles) character file.

Game seed: 2811875778100035093

13915 diceflayer the Fighter (level 11, -8/101 HPs)
             Began as a Demonspawn Fighter on Apr 23, 2024.
             Was the Champion of Okawaru.
             Mangled by Azrael
             ... wielding a +3 scimitar of flaming
              (10 damage)
             ... on level 12 of the Dungeon.
             The game lasted 00:09:31 (9446 turns).

diceflayer the Fighter (Demonspawn Fighter)         Turns: 9446, Time: 00:09:31

Health: -8/101     AC: 12    Str: 18    XL:     11   Next: 81%
Magic:  11/11      EV: 16    Int: 12    God:    Okawaru [******]
Gold:   576        SH:  5    Dex: 19    Spells: 10/10 levels left

rFire   . . .        a - +0 war axe (spect)
rCold   . . .        c - +0 buckler
rNeg    + . .        P - +1 robe of the Cicada {rPois Str-3 Int+4 Slay+4}
rPois   +            I - +1 hat
rElec   .            (no cloak)
rCorr   .            o - +0 pair of gloves
SInv    .            l - +0 pair of boots
Will    +....        g - amulet "Kuylofo" {Faith -Cast +Blink Regen+ Stlth+}
Stlth   ++++         i - ring of Tuqior {^Drain rPois Will+ Dex+6 Slay+3 Stlth+}
HPRegen 1.16/turn    j - ring of positive energy
MPRegen 0.24/turn

%: no spellcasting, faith
@: mighty, sanguine armoured
A: powered by pain 2, magic regeneration, sanguine armour 1, weakness stinger 2
a: Renounce Religion, Evoke Blink, Heroism, Finesse, Duel, Receive Weapon,
Receive Armour


You were on level 12 of the Dungeon.
You worshipped Okawaru.
Okawaru was exalted by your worship.
You visited 2 branches of the dungeon, and saw 13 of its levels.
You also visited: Sewer.

You collected 576 gold pieces.

Inventory:

Hand Weapons
 a - a +0 spectral war axe (weapon)
 F - the +5 quarterstaff of the Weasel {venom, ^Drain rC+++ Str+5}
   (You found it in a sewer)

   Str+5:     It affects your strength (+5).
   rC+++:     It renders you almost immune to cold.
   ^Drain:    It drains your maximum health when unequipped.
 K - the +10 whip of Sunlight {venom, rC- Int+3}
   (You found it on level 8 of the Dungeon)

   Int+3:     It affects your intelligence (+3).
   rC-:       It makes you vulnerable to cold.
Armour
 c - a +0 buckler (worn)
 l - a +0 pair of boots (worn)
 o - a +0 pair of gloves (worn)
 G - a +0 chain mail
 I - a +1 hat (worn)
 P - the +1 robe of the Cicada (worn) {rPois Str-3 Int+4 Slay+4}
   (You found it on level 10 of the Dungeon)

   Str-3:     It affects your strength (-3).
   Int+4:     It affects your intelligence (+4).
   Slay+4:    It affects your accuracy & damage with ranged weapons and melee
   (+4).
   rPois:     It protects you from poison
Jewellery
 b - a ring of wizardry
 g - the amulet "Kuylofo" (around neck) {Faith -Cast +Blink Regen+ Stlth+}
   (You acquired it on level 1 of the Dungeon)

   [amulet of faith]

   Faith:     It allows you to gain divine favour quickly.
   +Blink:    It lets you blink.
   -Cast:     It prevents spellcasting.
   Regen+:    It increases your rate of health regeneration.
   Stlth+:    It makes you more stealthy.
 i - the ring of Tuqior (left hand) {^Drain rPois Will+ Dex+6 Slay+3 Stlth+}
   (You acquired it on level 1 of the Dungeon)

   [ring of dexterity]

   Dex+6:     It affects your dexterity (+6).
   Slay+3:    It affects your accuracy & damage with ranged weapons and melee
   (+3).
   rPois:     It protects you from poison Will+: It increases your willpower.
   ^Drain:    It drains your maximum health when unequipped.
   Stlth+:    It makes you more stealthy.
 j - a ring of positive energy (right hand)
 O - a ring of flight
 Q - a ring of protection from cold
Wands
 n - a wand of charming (7)
 B - a wand of acid (4)
 D - a wand of roots (7)
Scrolls
 m - 6 scrolls of revelation
 r - 5 scrolls of blinking
 s - 3 scrolls of enchant armour {unknown}
 v - a scroll of vulnerability {unknown}
 w - 4 scrolls of identify {unknown}
 x - 2 scrolls of enchant weapon {unknown}
 y - a scroll of poison {unknown}
 z - a scroll of acquirement
 A - 6 scrolls of teleportation
 H - a scroll of summoning {unknown}
 L - 2 scrolls of amnesia {unknown}
 R - 2 scrolls of immolation
 S - a scroll of fear {unknown}
Potions
 d - 3 potions of might
 e - 5 potions of attraction {unknown}
 f - 6 potions of curing {unknown}
 h - 2 potions of brilliance {unknown}
 k - 2 potions of degeneration {unknown}
 p - 2 potions of ambrosia {unknown}
 q - a potion of haste {unknown}
 t - a potion of berserk rage {unknown}
 u - a potion of heal wounds {unknown}
 C - 3 potions of enlightenment {unknown}
 E - a potion of invisibility {unknown}
 J - a potion of lignification {unknown}
 M - a potion of resistance {unknown}
 N - a potion of mutation {unknown}


   Skills:
 - Level 14.3 Fighting
 - Level 9.8 Axes
 - Level 2.6 Armour
 + Level 7.3 Dodging
 - Level 2.6 Shields


You had 10 spell levels left.
You didn't know any spells.
Your spell library contained the following spells:

 Spells                   Type           Power      Damage    Failure   Level
 Apportation              Tloc           0%         N/A       38%         1
 Freeze                   Ice            0%         1d3       38%         1
 Magic Dart               Conj           0%         1d3       38%         1
 Necrotise                Necr           0%         1d4       38%         1
 Sting                    Conj/Alch      0%         1d3       38%         1
 Searing Ray              Conj           0%         2d4       54%         2
 Frozen Ramparts          Ice            0%         1d1       77%         3
 Hailstorm                Conj/Ice       0%         3d5       77%         3
 Fulminant Prism          Conj/Alch      0%         3d5       99%         4
 Summon Small Mammal      Summ           Unusable   N/A       N/A         1

Dungeon Overview and Level Annotations

Branches:
Dungeon (12/15)            Temple (1/1) D:7            Lair (0/5) D:9
    Orc (0/2) D:9           Sewer (visited)

Altars:
Ashenzari
Cheibriados
Dithmenos
Fedhas
Gozag
Hepliaklqana
Kikubaaqudgha
Makhleb
Nemelex Xobeh
Okawaru
Qazlal
Ru
Sif Muna
Trog
Uskayaw
Vehumet
Wu Jian
Xom
Yredelemnul

Shops:
D:1 *   D:4 !

Annotations:
D:4 1 runed translucent door, Crazy Yiuf
D:12 Azrael


Innate Abilities, Weirdness & Mutations

You sometimes gain power by taking damage.
You regenerate magic rapidly.
When seriously injured, your blood forms armour. (AC +6)
You have a tail ending in a sharp stinger.


Message History

Azrael hits you with a +3 scimitar of flaming!
* * * LOW HITPOINT WARNING * * *
Azrael burns you.
* * * LOW HITPOINT WARNING * * *
You hit Azrael but do no damage.
Azrael is lightly wounded.
You barely miss the centaur warrior simulacrum.
The centaur warrior simulacrum hits you but does no damage.
The centaur warrior simulacrum barely misses you.
Azrael misses you.
Unknown command.
You feel very mighty all of a sudden.
You block the centaur warrior simulacrum's attack.
The centaur warrior simulacrum kicks you but does no damage.
Azrael hits you with a +3 scimitar of flaming!
* * * LOW HITPOINT WARNING * * *
Azrael burns you.
* * * LOW HITPOINT WARNING * * *
The centaur warrior simulacrum closely misses you. x2
You hit Azrael. You tail-slap Azrael!
Azrael is moderately wounded.
You barely miss the centaur warrior simulacrum.
Azrael blows smoke rings.
Azrael closely misses you.
You block the centaur warrior simulacrum's attack.
The centaur warrior simulacrum barely misses you.
You slice Azrael!!
Your tail-slap misses Azrael.
Azrael is heavily wounded.
You slice the centaur warrior simulacrum!!
The centaur warrior simulacrum vaporises!
Okawaru accepts your kill.
Azrael hits you with a +3 scimitar of flaming!
* * * LOW HITPOINT WARNING * * *
Azrael burns you.
* * * LOW HITPOINT WARNING * * *
Unknown command.
You slash Azrael!
Azrael is heavily wounded.
Azrael hits you with a +3 scimitar of flaming!
You die...

##≈# # #≈≈≈ ### .
#≈≈≈ #.'
..#≈≈≈#############.#
..~≈≈≈≈#.>..........#
.
..≈≈≈≈≈..#.##########
.....~≈≈≈~.....# #
.....#####.....#
......°@R......#
#...#######...## #
...≈≈≈§~☼..##
#..~§§§§§###
##+~≈§§§## ....~≈≈##
....~≈≈ ....~R○
....+○.


You could see Azrael.

Vanquished Creatures
  Erica (D:11)
  A centaur warrior (D:11)
  Pikel (D:4)
  An ugly thing (D:11)
  A manticore (D:12)
  A gargoyle (D:11)
  2 komodo dragons (D:9)
  2 unseen horrors
  A polar bear (D:12)
  A water elemental (D:12)
  A centaur simulacrum (D:12)
  25 yaks
  2 wraiths
  A wyvern (D:7)
  6 vampire mosquitoes (D:12)
  A water moccasin (D:7)
  5 orc warriors
  3 ice beasts
  5 ogres
  2 black bears (D:9)
  3 centaurs
  A lemure (D:4)
  A phantom (D:3)
  Blork the orc (D:6)
  2 kobold brigands
  6 bullfrogs
  A gnoll sergeant (D:7)
  2 scorpions
  30 killer bees
  5 howler monkeys
  2 bombardier beetles
  3 hounds
  A jelly (D:7)
  2 orc priests
  A gnoll bouda (D:7)
  2 iguanas
  7 orc wizards
  10 gnolls
  6 adders
  3 white imps
  7 dart slugs
  3 ribbon worms
  24 orcs
  4 bats
  16 endoplasms
  11 giant cockroaches
  2 goblins
  8 hobgoblins
  34 kobolds
  5 quokkas
  15 ball pythons
  13 frilled lizards
  6 rats (D:1)
300 creatures vanquished.

Vanquished Creatures (others)
  An arcanist (D:5)
  2 spectral weapons
3 creatures vanquished.

Grand Total: 303 creatures vanquished

Notes
Turn   | Place    | Note
-------+----------+-------------------------------------------
     0 | D:1      | diceflayer the Demonspawn Fighter began the quest for the
                  | Orb.
     0 | D:1      | Reached XP level 1. HP: 18/18 MP: 1/1
    40 | D:1      | You fall into a shaft and drop 1 floor!
   179 | D:2      | Found a faded altar of an unknown god.
   238 | D:2      | Gained mutation: You have a small tail. [demonic ancestry]
   238 | D:2      | Reached XP level 2. HP: 20/24 MP: 2/2
   553 | D:1      | Found Iczakhlu's General Store.
   567 | D:1      | Reached XP level 3. HP: 26/29 MP: 3/3
  1274 | D:1      | Identified 2 scrolls of acquirement
  1274 | D:1      | Acquired the amulet "Kuylofo" {Faith -Cast +Blink Regen+
                  | Stlth+}
  1281 | D:1      | Acquired the ring of Tuqior {^Drain rPois Will+ Dex+6
                  | Slay+3 Stlth+}
  1591 | D:2      | Gained mutation: You sometimes gain a little power by
                  | taking damage. [demonic ancestry]
  1591 | D:2      | Reached XP level 4. HP: 35/35 MP: 4/4
  1854 | D:3      | Found an iron altar of Okawaru.
  1912 | D:3      | Noticed a phantom
  1917 | D:3      | Found a shimmering blue altar of Sif Muna.
  1920 | D:3      | Killed a phantom
  1921 | D:3      | Reached skill level 5 in Axes
  1921 | D:3      | Gained mutation: When seriously injured, your blood forms
                  | armour. (AC +6) [demonic ancestry]
  1921 | D:3      | Reached XP level 5. HP: 15/41 MP: 5/5
  2307 | D:4      | Noticed an ogre
  2312 | D:4      | Killed an ogre
  2313 | D:4      | Gained mutation: You have a tail ending in a sharp stinger.
                  | [demonic ancestry]
  2313 | D:4      | Reached XP level 6. HP: 47/47 MP: 6/6
  2355 | D:4      | Found an opulent altar of Gozag.
  2410 | D:4      | Reached skill level 4 in Fighting
  3072 | D:4      | Found Kieqeh's Distillery.
  3088 | D:4      | Noticed Pikel
  3094 | D:4      | Killed Pikel
  3095 | D:4      | Reached skill level 7 in Fighting
  3095 | D:4      | Gained mutation: You regenerate magic rapidly. [demonic
                  | ancestry]
  3095 | D:4      | Reached XP level 7. HP: 58/60 MP: 7/7
  3166 | D:4      | Found a runed translucent door.
  3167 | D:4      | Noticed Crazy Yiuf
  3196 | D:5      | Entered Level 5 of the Dungeon
  3224 | D:5      | Found a bloodstained altar of Trog.
  3236 | D:5      | Reached XP level 8. HP: 62/67 MP: 8/8
  3263 | D:5      | Found an ancient bone altar of Kikubaaqudgha.
  3297 | D:5      | Noticed a wizard
  3302 | D:5      | Killed a wizard
  3341 | D:5      | Found a radiant altar of Vehumet.
  3345 | D:5      | Found an ornate altar of the Wu Jian Council.
  3345 | D:5      | Found a hazy altar of Hepliaklqana.
  3346 | D:5      | Found a blossoming altar of Fedhas.
  3503 | D:5      | Reached skill level 8 in Fighting
  4021 | D:6      | Noticed Blork the orc
  4029 | D:6      | Killed Blork the orc
  4030 | D:6      | Reached skill level 9 in Fighting
  4606 | D:6      | Found a glowing drain.
  4623 | Sewer    | Entered a sewer
  4765 | Sewer    | Reached skill level 10 in Fighting
  4818 | Sewer    | Identified the +5 quarterstaff of the Weasel {venom, ^Drain
                  | rC+++ Str+5}
  4982 | D:7      | Reached XP level 9. HP: 74/79 MP: 9/9
  5010 | D:7      | Found a staircase to the Ecumenical Temple.
  5067 | D:7      | Reached skill level 11 in Fighting
  5508 | D:7      | Found a sand-covered staircase.
  5868 | D:8      | Found a hide-covered altar of Uskayaw.
  5903 | D:8      | Reached skill level 12 in Fighting
  6196 | D:8      | Identified the +10 whip of Sunlight {venom, rC- Int+3}
  6266 | Temple   | Found a transporter.
  6266 | Temple   | Found a transporter.
  6266 | Temple   | Found a transporter.
  6266 | Temple   | Found a transporter.
  6266 | Temple   | Entered the Ecumenical Temple
  6385 | D:3      | Became a worshipper of Warmaster Okawaru
  6692 | D:9      | Reached skill level 13 in Fighting
  6755 | D:9      | Reached XP level 10. HP: 87/92 MP: 10/10
  6877 | D:9      | Reached * piety under Okawaru
  7049 | D:9      | Reached skill level 14 in Fighting
  7191 | D:9      | Reached ** piety under Okawaru
  7263 | D:9      | Found a staircase to the Orcish Mines.
  7307 | D:9      | Found a staircase to the Lair.
  7366 | D:10     | Entered Level 10 of the Dungeon
  7457 | D:10     | Reached *** piety under Okawaru
  7609 | D:10     | Reached **** piety under Okawaru
  7616 | D:10     | Gained mutation: You sometimes gain power by taking damage.
                  | [demonic ancestry]
  7616 | D:10     | Reached XP level 11. HP: 83/101 MP: 11/11
  7690 | D:10     | Identified the +1 robe of the Cicada {rPois Str-3 Int+4
                  | Slay+4}
  8080 | D:10     | Reached ***** piety under Okawaru
  8339 | D:11     | Noticed a centaur warrior
  8344 | D:11     | Killed a centaur warrior
  8729 | D:11     | Noticed Erica
  8738 | D:11     | Killed Erica
  8840 | D:11     | Noticed a brown ugly thing
  8857 | D:11     | Killed a brown ugly thing
  8858 | D:11     | Reached skill level 5 in Dodging
  9234 | D:12     | Received a gift from Okawaru
  9288 | D:12     | Reached ****** piety under Okawaru
  9428 | D:12     | Noticed Azrael
  9445 | D:12     | HP: 2/101 [Azrael/+3 scimitar of flaming (13)]
  9446 | D:12     | Mangled by Azrael

Illustrated notes

Levels and vault maps discovered:
D:1:      dpeg_arrival_round_a, layout_loops_ring, serial_shops,
          nicolae_shop_crystal, supply_closet_lemuel, grunt_decor_resistance
D:2:      layout_loops_ring, chequers_ecumenical_altar_island,
          minmay_shallow_snake_nest
D:3:      layout_basic, overflow_temple_1_default, lemuel_doored_altar
D:4:      layout_layer_cave, grunt_gozag_statues, serial_shops,
          nicolae_shop_trees, uniq_crazy_yiuf_cottage, uniq_pikel
D:5:      layout_basic, grunt_temple_overflow_open,
          mainiacjoe_overflow_chevrons, trog_wizard
D:6:      kennysheep_kobold_camp, layout_basic, portal_sewer_entry_d,
          uniq_blork_the_orc
D:7:      layout_basic, minmay_temple_entry_tees,
          nicolae_ossuary_entry_false_entrances
D:8:      layout_basic, good_gods_mini_temple, nicolae_overflow_crystal_walls,
          eino_jars
D:9:      layout_rooms, grunt_lair_entry_orc_guard_hut, david_orc_4,
          minmay_misc_feat_diagonals, nicolae_figureground_pulse
D:10:     layout_irregular_city
D:11:     layout_basic, uniq_erica, uniq_nergalle
D:12:     layout_roguey, serial_ice, serial_ice_l, serial_ice_e, serial_ice_g,
          serial_ice_o, chequers_serial_rivers_small_b, uniq_azrael
Temple:   hellmonk_temple_divided_pantheon

Skill      XL: |  1  2  3  4  5  6  7  8  9 10 11 |
---------------+----------------------------------+-----
Axes           | 2 3 4 5 6 9 |  9.8
Fighting       | 7 10 13 14 | 14.3
Dodging        | 7 |  7.3
Armour         | |  2.6
Shields        | |  2.6

Action                     |  1- 3 |  4- 6 |  7- 9 | 10-12 || total
---------------------------+-------+-------+-------+-------++-------
  Melee: War axe           |   106 |    77 |   227 |   165 ||   575
         Tailslap          |    13 |    10 |    25 |    41 ||    89
    Use: Scroll            |     3 |     4 |     1 |       ||     8
         Potion            |       |       |       |     1 ||     1
   Stab: Sleeping          |     3 |     6 |     4 |     1 ||    14
         Distracted        |       |     1 |     4 |     3 ||     8
 Armour: Scale mail        |    76 |    35 |    85 |       ||   196
         Chain mail        |       |       |    95 |   132 ||   227
         Robe              |       |       |       |    49 ||    49
  Dodge: Dodged            |    36 |    35 |    84 |    71 ||   226
  Block: Buckler           |    17 |    28 |    53 |    46 ||   144
